 Dungeon Crawl Stone Soup version 0.29.1-13-g9f3cf754e1 (webtiles) character file.

Game seed: 13354208601906896549

4461 theswoord the Cruncher (level 10, -4/69 HPs)
             Began as a Demonspawn Gladiator on Jan 27, 2023.
             Was an Initiate of Ru.
             Slain by a yak (8 damage)
             ... on level 8 of the Dungeon.
             The game lasted 00:13:16 (5663 turns).

theswoord the Cruncher (Demonspawn Gladiator)       Turns: 5663, Time: 00:13:17

Health: -4/69      AC: 12    Str: 21    XL:     10   Next: 15%
Magic:  10/10      EV: 12    Int: 10    God:    Ru [......]
Gold:   430        SH:  0    Dex: 20    Spells: 9/9 levels left

rFire   . . .      SeeInvis .   C - +2 lajatang (speed)
rCold   . . .      Faith    .   (shield currently unavailable)
rNeg    + . .      Spirit   .   p - +3 ring mail of Catatonia {Will+ Str+2}
rPois   .          Reflect  .   (helmet restricted)
rElec   .          Harm     .   n - +0 cloak
rCorr   .          Rampage  .   j - +0 pair of gloves
Will    +....                   (no boots)
Stlth   ..........              (no amulet)
HPRegen 0.21/turn               i - +6 ring of dexterity
MPRegen 0.12/turn               t - ring of positive energy

@: confused, lethally poisoned (-4 -> -17), ambrosia-drunk, on berserk cooldown,
slowed, very slow
A: antennae 2, yellow scales 1, foul stench 1, spiny 2
a: Renounce Religion, Sacrifice Durability, Sacrifice Skill, Sacrifice
Experience, Reject Sacrifices


You were on level 8 of the Dungeon.
You worshipped Ru.
Ru was noncommittal.
You visited 2 branches of the dungeon, and saw 9 of its levels.

You collected 430 gold pieces.

Inventory:

Hand Weapons
 a - a +1 spectral quarterstaff
 C - a +2 lajatang of speed (weapon)
Missiles
 d - 4 throwing nets (quivered)
 e - a javelin
Armour
 b - a +0 leather armour
 c - a +0 helmet
 j - a +0 pair of gloves (worn)
 n - a +0 cloak (worn)
 p - the +3 ring mail of Catatonia (worn) {Will+ Str+2}
   (You found it on level 3 of the Dungeon)

   Str:       It affects your strength (+2).
   Will:      It increases your willpower.
Jewellery
 i - a +6 ring of dexterity (left hand)
 t - a ring of positive energy (right hand)
Wands
 h - a wand of roots (40)
Scrolls
 f - 3 scrolls of identify
 g - a scroll of magic mapping
 v - a scroll of torment
 y - a scroll of vulnerability
 A - a scroll of poison
Potions
 k - 2 potions of curing
 m - a potion of resistance {unknown}
 o - a potion of magic {unknown}
 q - a potion of flight
 r - 2 potions of mutation
 s - 2 potions of might
 u - 3 potions of attraction
 w - 2 potions of berserk rage
 x - a potion of brilliance {unknown}
 z - a potion of lignification {unknown}
 B - 2 potions of cancellation {unknown}


   Skills:
 + Level 2.8 Fighting
 * Level 13.4 Staves
 - Level 1.7 Throwing
 + Level 1.4 Armour
 + Level 3.2 Dodging


You had 9 spell levels left.
You didn't know any spells.
Your spell library was empty.

Dungeon Overview and Level Annotations

Branches:
Dungeon (8/15)             Temple (1/1) D:7            Lair (0/5) D:8

Altars:
Ashenzari
Cheibriados
Fedhas
Gozag
Hepliaklqana
Kikubaaqudgha
Makhleb
Nemelex Xobeh
Okawaru
Qazlal
Ru
Sif Muna
Trog
Uskayaw
Wu Jian
Xom
Yredelemnul

Shops:
D:1 *!!([   D:2 :   D:7 ?


Innate Abilities, Weirdness & Mutations

You have a pair of antennae on your head.
You are partially covered in yellow scales. (AC +2)
You may rarely emit foul miasma when damaged in melee.
You are mostly covered in sharp spines.


Message History

The killer bee stings you.
* * * LOW HITPOINT WARNING * * *
The killer bee closely misses you.
The killer bee is struck by your spines.
The killer bee stings you but does no damage.
The killer bee is struck by your spines.
The killer bee stings you but does no damage.
The yak is struck by your spines. The yak gores you but does no damage.
The steam dragon closely misses you. x2
The water moccasin is struck by your spines.
The water moccasin bites you.
* * * LOW HITPOINT WARNING * * *
You are lethally poisoned!
The water moccasin poisons you! The killer bee misses you.
The killer bee is struck by your spines.
The killer bee barely misses you.
The steam dragon is struck by your spines.
The steam dragon closely misses you. The steam dragon barely misses you.
The water moccasin is struck by your spines.
You kill the water moccasin!
The yak gores you but does no damage.
You are too confused!
Unknown command.
You are too confused!
Unknown command.
You are too confused!
You are too confused!
Unknown command.
You barely miss the steam dragon.
The steam dragon is moderately wounded.
* * * LOW HITPOINT WARNING * * *
You feel very sick. The killer bee stings you!
* * * LOW HITPOINT WARNING * * *
The killer bee is struck by your spines.
The killer bee completely misses you. The killer bee closely misses you.
The killer bee is struck by your spines.
You kill the killer bee!
The yak gores you!
You die...

#...*********,,,,,,,,
*#.#.,>,,,**,,,,,,,,,,
*,.#.*,**,**,,,,,,,,,,
*,#..,,**,**...,,,,>,*
*,,..****,.#...,,,,,,,
####.###**.(.P,,,,,,,,
#......###..........♣Y
#...y......#*.........
#...D@Y##?.###...P....
#....#Yl..............
####.#yyS.####........
####.#YYo.####.......#
**#.....o.°..†.......#.#
*,...................#..
**####.#.g.######.......
*****#.#...#****#.....!.
*,,,,.......,,,,#.......


You could see 4 yaks, a basilisk, a steam dragon, a water moccasin, 3 killer
bees, 2 orcs and a hobgoblin.

Vanquished Creatures
  Maggie (D:7)
  A kobold demonologist (D:8)
  A troll (D:7)
  Grinder (D:4)
  A wyvern (D:8)
  7 yaks
  Eustachio (D:5)
  A basilisk (D:8)
  3 water moccasins (D:8)
  2 black bears
  An orc warrior (D:6)
  2 ice beasts (D:7)
  3 centaurs
  A phantom (D:2)
  4 kobold brigands (D:8)
  2 bullfrogs
  A necrophage (D:4)
  A scorpion (D:6)
  A killer bee (D:8)
  3 jellies
  Crazy Yiuf (D:2)
  A hound (D:6)
  2 iguanas
  Ijyb (D:3)
  3 orc wizards
  6 adders
  4 gnolls (D:4)
  4 shadow imps
  2 ufetubi (D:5)
  A worm (D:2)
  3 dart slugs
  18 orcs
  5 bats
  3 endoplasms
  2 giant cockroaches
  5 goblins
  7 hobgoblins
  10 jackals
  3 quokkas
  3 ball pythons
  A frilled lizard (D:1)
  23 kobolds
  6 kobold skeletons (D:8)
  12 kobold zombies (D:8)
  6 rats
170 creatures vanquished.

Vanquished Creatures (others)
  A demonic plant (D:5)
  11 plants (D:8)
12 creatures vanquished.

Grand Total: 182 creatures vanquished

Notes
Turn   | Place    | Note
-------+----------+-------------------------------------------
     0 | D:1      | theswoord the Demonspawn Gladiator began the quest for the
                  | Orb.
     0 | D:1      | Reached XP level 1. HP: 16/16 MP: 1/1
    39 | D:1      | Found Caugor's Distillery.
    93 | D:1      | Reached skill level 3 in Staves
   217 | D:1      | Found a faded altar of an unknown god.
   224 | D:1      | Gained mutation: You are partially covered in sharp spines.
                  | [demonic ancestry]
   224 | D:1      | Reached XP level 2. HP: 14/22 MP: 2/2
   568 | D:1      | Found Poriki's Antique Weapon Boutique.
   694 | D:1      | Found Qoamanank's Distillery.
   849 | D:1      | Found Jikket's General Store.
   911 | D:1      | Found Zutiom's Armour Boutique.
  1058 | D:2      | Found Meora's Book Shoppe.
  1145 | D:2      | Gained mutation: You have a pair of small antennae on your
                  | head. [demonic ancestry]
  1145 | D:2      | Reached XP level 3. HP: 26/27 MP: 3/3
  1236 | D:2      | Reached skill level 4 in Staves
  1394 | D:2      | Noticed a phantom
  1400 | D:2      | Killed a phantom
  1401 | D:2      | Reached skill level 5 in Staves
  1401 | D:2      | Reached XP level 4. HP: 30/33 MP: 4/4
  1453 | D:2      | Found a runed translucent door.
  1454 | D:2      | Noticed Crazy Yiuf
  1694 | D:2      | Killed Crazy Yiuf
  1695 | D:2      | Gained mutation: You may rarely emit foul miasma when
                  | damaged in melee. [demonic ancestry]
  1695 | D:2      | Reached XP level 5. HP: 21/38 MP: 5/5
  2077 | D:3      | Identified the +3 ring mail of Catatonia {Will+ Str+2}
  2090 | D:3      | Found an iron altar of Okawaru.
  2423 | D:3      | Noticed Ijyb
  2431 | D:3      | Killed Ijyb
  2756 | D:4      | Reached skill level 6 in Staves
  2788 | D:4      | Noticed Grinder
  2795 | D:4      | Paralysed by Grinder for 4 turns
  2802 | D:4      | Killed Grinder
  2803 | D:4      | Gained mutation: You have a pair of antennae on your head.
                  | [demonic ancestry]
  2803 | D:4      | Reached XP level 6. HP: 37/44 MP: 6/6
  2887 | D:4      | Reached skill level 7 in Staves
  3081 | D:4      | Gained mutation: You are mostly covered in sharp spines.
                  | [demonic ancestry]
  3081 | D:4      | Reached XP level 7. HP: 49/50 MP: 7/7
  3200 | D:5      | Entered Level 5 of the Dungeon
  3307 | D:5      | Found an ancient bone altar of Kikubaaqudgha.
  3314 | D:5      | Found an ornate altar of the Wu Jian Council.
  3321 | D:5      | Reached skill level 8 in Staves
  3430 | D:5      | Noticed Eustachio
  3440 | D:5      | Killed Eustachio
  3851 | D:6      | Identified a scroll of acquirement
  3851 | D:6      | Acquired a +2 lajatang of speed
  3920 | D:6      | Reached skill level 9 in Staves
  3920 | D:6      | Gained mutation: You are partially covered in yellow
                  | scales. (AC +2) [demonic ancestry]
  3920 | D:6      | Reached XP level 8. HP: 45/56 MP: 8/8
  4118 | D:6      | Reached skill level 10 in Staves
  4134 | D:6      | Reached skill level 11 in Staves
  4140 | D:6      | Reached XP level 9. HP: 49/61 MP: 9/9
  4496 | D:7      | Noticed Maggie
  4508 | D:7      | Killed Maggie
  4509 | D:7      | Reached skill level 12 in Staves
  4533 | D:7      | Found a staircase to the Ecumenical Temple.
  4571 | Temple   | Entered the Ecumenical Temple
  4679 | Temple   | Became a worshipper of Ru the Awakened
  4741 | D:7      | Noticed a troll
  4747 | D:7      | Killed a troll
  4894 | D:7      | Found Toamuym's Magic Scroll Boutique.
  5454 | D:8      | Found an ancient bone altar of Kikubaaqudgha.
  5454 | D:8      | Noticed a kobold demonologist
  5493 | D:8      | Noticed a rust devil
  5500 | D:8      | Killed a kobold demonologist
  5501 | D:8      | Reached skill level 13 in Staves
  5636 | D:8      | Reached XP level 10. HP: 38/68 MP: 10/10
  5650 | D:8      | Reached skill level 1 in Armour
  5663 | D:8      | Slain by a yak

Skill      XL: |  1  2  3  4  5  6  7  8  9 10 |
---------------+-------------------------------+-----
Staves         | 3 5 6 7 9 11 13 | 13.4
Armour         | 1 |  1.4
Dodging        | 3 |  3.2
Fighting       | |  2.8
Throwing       | |  1.7

Action                   |  1- 3 |  4- 6 |  7- 9 | 10-12 || total
-------------------------+-------+-------+-------+-------++-------
Melee: Quarterstaff      |    57 |    54 |    33 |       ||   144
       Lajatang          |       |       |   149 |     1 ||   150
Throw: Throwing net      |       |       |     1 |       ||     1
  Use: Scroll            |     5 |     8 |     9 |       ||    22
       Potion            |       |       |     3 |     2 ||     5
 Stab: Sleeping          |       |     1 |       |       ||     1
       Held in net/web   |       |       |     3 |       ||     3
Armor: Leather armour    |     9 |       |       |       ||     9
       Ring mail         |       |    16 |    44 |    16 ||    76
Dodge: Dodged            |    33 |    15 |    80 |    18 ||   146

Levels and vault maps discovered:
D:1:      lemuel_arrival_river_ford, layout_loops_ring,
          chequers_ecumenical_altar_island, serial_shops, shop,
          nicolae_shop_stone, nicolae_shop_temple_entry_statues_fountains,
          nicolae_shop_statue_plus, shop
D:2:      layout_basic, serial_shops, shop_fountains, uniq_crazy_yiuf_cottage
D:3:      layout_basic, mainiacjoe_overflow_alcove_1, serial_corexii_hall,
          chequers_hall_statues_corner_a, corexii_hall_statues_i, uniq_ijyb
D:4:      layout_rooms, st_stairs_4, uniq_grinder
D:5:      layout_rooms, mainiacjoe_overflow_catwalk_spiral, serial_demonic,
          serial_demonic_f, serial_demonic_g, serial_demonic_f,
          serial_demonic_c, uniq_eustachio
D:6:      layout_rooms
D:7:      layout_basic, nicolae_tso_swordbearing_angel,
          minmay_temple_entry_mist, serial_shops, nicolae_shop_crystal,
          uniq_maggie
D:8:      wander_kiku_kobolds, layout_basic, minmay_lair_entry_grove,
          enter_bailey_4
Temple:   lightli_temple_of_artemis
